 Dungeon Crawl Stone Soup version 0.25.1-2-g60ff931df9 (webtiles) character file.

Game seed: 4394508818235192942

137 DoubleLucky the Chopper (level 5, -10/70 HPs)
             Began as a Minotaur Berserker on Sept 28, 2020.
             Was a Believer of Trog.
             Mangled by a gnoll
             ... wielding a cursed +0 flail
              (12 damage)
             ... on level 2 of the Dungeon.
             The game lasted 00:03:44 (1093 turns).

DoubleLucky the Chopper (Minotaur Berserker)        Turns: 1093, Time: 00:03:45

Health: -10/70     AC:  3    Str: 23    XL:     5   Next: 0%
Magic:  4/4        EV: 12    Int:  4    God:    Trog [**....]
Gold:   70         SH:  0    Dex:  9    Spells: 4/4 levels left

rFire    . . .     SeeInvis .   a - +0 hand axe
rCold    . . .     Gourm    .   (no shield)
rNeg     . . .     Faith    .   e - +0 leather armour
rPois    .         Spirit   .   (helmet restricted)
rElec    .         Reflect  .   (no cloak)
rCorr    .         Harm     .   (no gloves)
MR       .....                  (no boots)
Stlth    ..........             (no amulet)
HPRegen  0.21/turn              (no ring)
MPRegen  0.09/turn              (no ring)

@: berserking, lethally poisoned (-10 -> -13), very quick
A: retaliatory headbutt, horns 2
a: Berserk, Trog's Hand, Renounce Religion


You were on level 2 of the Dungeon.
You worshipped Trog.
Trog was pleased with you.
You were not hungry.

You visited 1 branch of the dungeon, and saw 2 of its levels.

You collected 70 gold pieces.

Inventory:

Hand Weapons
 a - a +0 hand axe (weapon)
Armour
 e - a +0 leather armour (worn)
Scrolls
 f - a scroll of enchant weapon {unknown}
Potions
 d - a potion of degeneration {unknown}
 g - a potion of magic {unknown}
Comestibles
 c - 3 rations


   Skills:
 + Level 4.9 Fighting
 + Level 4.9 Axes
 + Level 4.1 Armour
 - Level 2.1 Dodging


You had 4 spell levels left.
You didn't know any spells.
Your spell library was empty.

Dungeon Overview and Level Annotations

Branches:
Dungeon (2/15)

Altars:
Kikubaaqudgha


Innate Abilities, Weirdness & Mutations

You reflexively headbutt those who attack you in melee.
You have a pair of horns on your head.


Message History

The gnoll misses you. The gnoll closely misses you.
You hit the gnoll. Your headbutt misses the gnoll.
The gnoll is moderately wounded.
You hit the gnoll but do no damage.
The gnoll hits you with a cursed +0 flail!
* * * LOW HITPOINT WARNING * * *
The gnoll misses you.
You hit the gnoll. You headbutt the gnoll.
You kill the gnoll!
Trog accepts your kill.
You have reached level 5!
You hit the gnoll.
* * * LOW HITPOINT WARNING * * *
You feel sick.
The giant cockroach waves its antennae.
A red film seems to cover your vision as you go berserk!
You feel yourself moving faster!
You feel mighty!
You feel quite a bit more hungry.
The gnoll hits you with a cursed +0 flail!
You die...

#.#.##..'..#.#.#.#.#.⌠.⌠#
#.#.##..'.#.⌠.#.⌠.#..._.#
#...##..'..#.#.#.#.#.⌠.⌠#
....##.##.⌠.#.⌠.#.⌠.#...# #
.......###.#.#.#.#.#.#.## .##
##.##### ##...#.⌠.#.⌠.## ...#
#..# ######.#.#.## .....
...####################......
............[...@gs.'.)......
...##########...)####........
#..# #.#.## ##....... ##.#
#.### #.....# #.# #.# .....#
#.# #.# .#+#.# #.# #.# # #
#.# #.# #.# #.#


You could see a gnoll and a giant cockroach.

Vanquished Creatures
  2 vampire bats (D:2)
  2 gnolls (D:2)
  A dart slug (D:1)
  2 bats (D:1)
  A bat skeleton (D:2)
  6 bat zombies (D:2)
  A giant cockroach (D:1)
  3 goblins (D:1)
  7 hobgoblins
  A ball python (D:2)
  2 frilled lizards (D:1)
  6 kobolds (D:1)
  4 rats (D:1)
38 creatures vanquished.

Notes
Turn   | Place    | Note
-------+----------+-------------------------------------------
     0 | D:1      | DoubleLucky the Minotaur Berserker began the quest for the
                  | Orb.
     0 | D:1      | Reached XP level 1. HP: 19/19 MP: 0/0
   201 | D:1      | Reached XP level 2. HP: 10/27 MP: 1/1
   714 | D:1      | Reached ** piety under Trog
   715 | D:1      | Reached XP level 3. HP: 32/33 MP: 2/2
  1009 | D:2      | Found an ancient bone altar of Kikubaaqudgha.
  1015 | D:2      | Reached XP level 4. HP: 40/41 MP: 3/3
  1091 | D:2      | HP: 2/41 [gnoll/cursed +0 flail (9)]
  1092 | D:2      | Reached XP level 5. HP: 2/47 MP: 4/4
  1093 | D:2      | Mangled by a gnoll

Illustrated notes

Levels and vault maps discovered:
D:1:      roderic_crop_circles_arrival_small, layout_rooms
D:2:      layout_loops_corners, kennysheep_vampire_church, lemuel_crystal_altar,
          first_ration, hangedman_decor_diamond_cutter, kennysheep_crisscross,
          uniq_robin

Skill      XL: |  1  2  3  4 |
---------------+-------------+-----
Axes           | 4 |  4.9
Fighting       | 4 |  4.9
Armour         | 3 4 |  4.1
Dodging        | |  2.1

Action                   |  1- 3 |  4- 6 || total
-------------------------+-------+-------++-------
Melee: Hand axe          |    60 |     8 ||    68
       Headbutt          |    12 |     3 ||    15
Invok: Berserk           |       |     1 ||     1
  Eat: Chunk             |       |     1 ||     1
Armor: Animal skin       |     4 |       ||     4
       Leather armour    |    13 |     3 ||    16
Dodge: Dodged            |    61 |     8 ||    69
